 Dungeon Crawl Stone Soup version 0.25-a0-1136-gc1285e62ab (webtiles) character file.

Game seed: 16331463588854364555, levelgen mode: deterministic

243185 Essalna the Fighter (level 19, -15/110 HPs)
             Began as a Gargoyle Fire Elementalist on May 23, 2020.
             Was the Champion of Vehumet.
             Killed from afar by a deep elf annihilator (63 damage)
             ... with a crystal spear
             ... on level 1 of the Elven Halls.
             The game lasted 03:30:08 (55780 turns).

Essalna the Fighter (Gargoyle Fire Elementalist)   Turns: 55780, Time: 03:30:09

Health: -15/110    AC: 29    Str: 14    XL:     19   Next: 41%
Magic:  7/45       EV: 12    Int: 25    God:    Vehumet [******]
Gold:   3048       SH:  7    Dex: 10    Spells: 0/44 levels left

rFire    + + +     SeeInvis .   L - staff of fire (curse)
rCold    + + .     Gourm    .   r - +1 buckler {AC+3}
rNeg     + . .     Faith    .   S - +1 ring mail of Resourcefulness {rPois Str+2 Int+4}
rPois    ∞         Spirit   .   j - +0 helmet
rElec    +         Reflect  .   I - scarf {rC+ rF+}
rCorr    .         Harm     .   (no gloves)
MR       ++...                  Q - +0 pair of boots
Stlth    +.........             o - amulet of magic regeneration
HPRegen  0.28/turn              F - ring of magical power
MPRegen  0.54/turn              Z - ring "Qusidd" {rElec rF++ rC+ MR+ Int-3}

@: lightly drained
A: big wings, frail 1, negative energy resistance 1, electricity resistance,
unbreathing, petrification resistance, rot immunity, AC +14
}: 2/15 runes: decaying, serpentine
a: Fly, Renounce Religion


You were on level 1 of the Elven Halls.
You worshipped Vehumet.
Vehumet was exalted by your worship.
You were very hungry.

You visited 7 branches of the dungeon, and saw 33 of its levels.
You also visited: Sewer.

You collected 3166 gold pieces.
You spent 118 gold pieces at shops.

Inventory:

Hand Weapons
 m - the +7 glaive of Xofog {vorpal, rElec rF+ rC+ Dex-2}
   (You found it on level 1 of the Elven Halls)

   It inflicts extra damage upon your enemies.
   It affects your dexterity (-2).
   It protects you from fire.
   It protects you from cold.
   It insulates you from electricity.
 W - the +5 flail of Glory {elec, rPois Str+3}
   (You found it on level 1 of the Swamp)

   Occasionally, upon striking a foe, it will discharge some electrical energy
   and cause terrible harm.
   It affects your strength (+3).
   It protects you from poison.
Armour
 i - a +2 tower shield
 j - a +0 helmet (worn)
 r - a +1 buckler of protection (worn)
 t - a +0 cloak of magic resistance
 I - a scarf of resistance (worn)
 Q - a +0 pair of boots (worn)
 S - the +1 ring mail of Resourcefulness (worn) {rPois Str+2 Int+4}
   (You found it on level 1 of the Lair of Beasts)

   It affects your strength (+2).
   It affects your intelligence (+4).
   It protects you from poison.
Magical Staves
 L - a cursed staff of fire (weapon)
 M - an uncursed staff of earth
Jewellery
 d - an uncursed ring of fire
 h - a cursed amulet of inaccuracy {unknown}
 o - an amulet of magic regeneration (around neck)
 u - an uncursed ring of see invisible
 x - an uncursed ring of resist corrosion
 F - a ring of magical power (left hand)
 J - an uncursed ring of protection from magic
 P - a +6 ring of intelligence
 R - an uncursed amulet of regeneration
 T - an uncursed ring of positive energy
 Y - an uncursed ring of wizardry
 Z - the ring "Qusidd" (right hand) {rElec rF++ rC+ MR+ Int-3}
   (You found it on level 1 of the Swamp)

   [ring of protection from cold]

   It affects your intelligence (-3).
   It greatly protects you from fire.
   It protects you from cold.
   It insulates you from electricity.
   It affects your resistance to hostile enchantments.
Wands
 b - a wand of iceblast (28)
 w - a wand of acid (24)
 N - a wand of digging (13)
Scrolls
 a - 7 scrolls of magic mapping
 f - 8 scrolls of enchant armour
 g - 3 scrolls of enchant weapon
 p - 10 scrolls of remove curse
 q - 2 scrolls of blinking
 v - 10 scrolls of teleportation
 y - 4 scrolls of fear
 B - 7 scrolls of amnesia
 G - a scroll of summoning
 H - 9 scrolls of identify
Potions
 e - 2 potions of berserk rage
 l - 9 potions of curing
 n - 2 potions of cancellation
 s - a potion of invisibility {unknown}
 A - 5 potions of magic
 C - 2 potions of ambrosia
 D - a potion of haste
 K - 2 potions of mutation
 U - a potion of might
 V - 2 potions of resistance
 X - 2 potions of brilliance
Miscellaneous
 z - a tin of tremorstones (3/3)
Comestibles
 c - 27 rations


   Skills:
 + Level 14.8(14.4) Fighting
 - Level 14.0(13.5) Armour
 - Level 5.0(4.6) Dodging
 - Level 2.1(1.8) Stealth
 + Level 12.6(12.2) Shields
 + Level 13.4(13.0) Spellcasting
 + Level 14.1(13.7) Conjurations
 + Level 14.5(14.1) Fire Magic
 + Level 12.1(11.7) Earth Magic


You couldn't memorise any spells.
You knew the following spells:

 Your Spells              Type           Power        Failure   Level  Hunger
a - Foxfire               Conj/Fire      ####         0%          1    None
b - Blink                 Tloc           N/A          9%          2    None
c - Sticky Flame          Conj/Fire      #######.     1%          4    None
d - Inner Flame           Hex/Fire       ######..     1%          3    None
e - Bolt of Magma         Conj/Fire/Erth #######...   1%          5    ###....
f - Orb of Destruction    Conj           ######....   5%          7    ######.
g - Iron Shot             Conj/Erth      ######....   1%          6    #####..
h - Lehudib's Crystal Sp  Conj/Erth      ######....   45%         8    #######
i - Ignition              Fire           #######...   30%         8    #######

Your spell library contained the following spells:

 Spells                   Type           Power        Failure   Level  Hunger
 Chain Lightning          Conj/Air       ######....   99%         8    #######
 Fire Storm               Conj/Fire      #######...   99%         9    #######
 Absolute Zero            Ice            ###.......   100%        9    #######
 Magic Dart               Conj           ####         0%          1    None
 Conjure Flame            Conj/Fire      #######.     1%          3    None
 Mephitic Cloud           Conj/Pois/Air  #####...     1%          3    None
 Static Discharge         Conj/Air       ######..     1%          3    None
 Fireball                 Conj/Fire      #######...   1%          5    ###....
 Lightning Bolt           Conj/Air       ######....   2%          5    ###....
 Leda's Liquefaction      Hex/Erth       #####.....   5%          4    None
 Petrify                  Tmut/Erth      #####...     5%          4    None
 Animate Skeleton         Necr           N/A          6%          1    None
 Apportation              Tloc           ###...       6%          1    None
 Corona                   Hex            ###....      6%          1    None
 Summon Butterflies       Summ           ###.....     6%          1    None
 Summon Small Mammal      Summ           ###.         6%          1    None
 Call Imp                 Summ           ###.....     9%          2    None
 Slow                     Hex            ###.....     9%          2    None
 Confusing Touch          Hex            ###.....     19%         3    None
 Gell's Gravitas          Tloc           ###.......   19%         3    None
 Lesser Beckoning         Tloc           ###.......   19%         3    None
 Tukima's Dance           Hex            ###.....     19%         3    None
 Yara's Violent Unravell  Hex/Tmut       ###.......   38%         5    ###....
 Cause Fear               Hex            ###.......   52%         4    None
 Alistair's Intoxication  Tmut/Pois      ###.....     86%         5    ###....
 Metabolic Englaciation   Hex/Ice        ###.......   86%         5    ###....
 Invisibility             Hex            ###.....     100%        6    #####..
 Dragon Form              Tmut           ###.......   100%        7    ######.
 Dragon's Call            Summ           ###.......   100%        9    #######
 Shatter                  Erth           ######....   100%        9    #######
 Tornado                  Air            ###.......   100%        9    #######
 Statue Form              Tmut/Erth      Unusable     N/A         6    N/A

Dungeon Overview and Level Annotations

Branches:
Dungeon (15/15)            Temple (1/1) D:5            Lair (6/6) D:8
  Swamp (4/4) Lair:2        Snake (4/4) Lair:3        Slime (0/5) Lair:6
    Orc (2/2) D:10            Elf (1/3) Orc:2        Vaults (0/5) D:14
 Depths (0/5) D:15          Sewer (visited)

Altars:
Ashenzari
Cheibriados
Dithmenos
Elyvilon
Fedhas
Gozag
Hepliaklqana
Kikubaaqudgha
Makhleb
Nemelex Xobeh
Okawaru
Qazlal
Ru
Sif Muna
Trog
Uskayaw
Vehumet
Wu Jian
Xom
Yredelemnul
Zin
The Shining One

Shops:
D:4 !*(:   Orc:1 *   Orc:2 :((!   Snake:2 =   Snake:4 =

Annotations:
D:4 2 runed translucent doors


Innate Abilities, Weirdness & Mutations

You are resistant to torment.
Your stone body is resilient. (AC +14)
You are immune to poison.
Your large and strong wings let you fly indefinitely.
You resist negative energy. (rN+)
You are resistant to electric shocks. (rElec)
You can survive without breathing.
You are immune to petrification.
You are immune to rotting.
You are frail. (-10% HP)


Message History

The deep elf annihilator is moderately wounded.
The deep elf annihilator is covered in liquid flames!
The deep elf annihilator burns!
The deep elf annihilator hits you but does no damage.
Casting: Sticky Flame (safe; 1% risk of failure)
Confirm with . or Enter, or press ? or * to list all spells.
Aiming: Inner Flame (safe; 1% risk of failure)
Press: ? - help, Shift-Dir - straight line, f/p - deep elf annihilator
Aim: a deep elf annihilator, wielding a +0 short sword (heavily wounded, covered in liquid flames, chance to defeat MR: 29%)
You feel a surge of power!
The deep elf annihilator is filled with an inner flame.
The deep elf annihilator burns!
Flame seeps out of the deep elf annihilator.
The deep elf mage hits you but does no damage.
The deep elf annihilator is engulfed in blazing flames.
Flame seeps out of the deep elf annihilator.
The deep elf annihilator points at you and mumbles some strange words.
The crystal spear hits you!!!
Ouch! That really hurt!
You die...

##....)## #..# ##...##
#..# ##.## #..# #'#
#### #..# #.# ##..##
#..# #§# #....## #..#
#.# #.....## #..# #.#
#......###..######
#.####@.....'..........
#....ee.....###########
######.....## #....##
##### ##..## #.... ####
#..#. #.### #[=#. #...[


You could see a deep elf annihilator (inner flame, burning) and a deep elf mage.

Vanquished Creatures
  Nikola (Swamp:3)
  Donald (Orc:2)
  11 nagarajas
  Aizul (Swamp:3)
  2 very ugly things (Swamp:4)
  A stone giant (Orc:2)
  Josephine (Swamp:1)
  A fire dragon (D:15)
  2 green deaths (Swamp:4)
  8 vault guards (D:14)
  2 hell beasts (Swamp:4)
  14 naga warriors
  The ghost of Goumeb the Cleaver, a journeyman MiFi of Hepliaklqana (D:13)
  15 hydras
  A shambling mangrove (Swamp:4)
  4 ghost crabs
  3 ogre magi
  2 centaur warriors
  17 anacondas
  15 alligators
  A catoblepas (Lair:2)
  Erica (D:11)
  22 two-headed ogres
  2 tengu warriors
  3 dancing weapons (Elf:1)
  The ghost of Necrophagist the Skirmisher, a novice OpWz (D:8)
  8 shock serpents
  12 naga sharpshooters
  Sonja (Lair:6)
  12 slime creatures
  3 salamander mystics
  5 skeletal warriors (D:15)
  2 unseen horrors
  A spriggan druid (Swamp:3)
  2 deep trolls (Orc:2)
  8 swamp dragons
  3 orc knights
  A wizard (D:15)
  16 deep elf magi
  A phantasmal warrior (D:15)
  The ghost of Safeword the Shield-Bearer, a novice GnFi of Okawaru (D:6)
  A necromancer (D:15)
  An orc sorcerer (Orc:1)
  7 naga ritualists (Snake:4)
  An oklob plant (Lair:3)
  6 mana vipers
  15 ugly things
  A frost giant zombie (D:15)
  2 large abominations (Swamp:4)
  2 manticores
  A fire giant zombie (D:15)
  3 spectral centaurs
  8 salamanders
  A centaur zombie (D:15)
  42 black mambas
  Maurice (Orc:2)
  12 naga magi
  9 cyclopes
  A torpor snail (Lair:5)
  18 guardian serpents
  15 spiny frogs
  2 orange demons (Swamp:4)
  5 gargoyles
  Maggie (D:8)
  A centaur skeleton (D:12)
  A yaktaur zombie (D:15)
  11 komodo dragons
  2 kobold demonologists
  A tengu conjurer (D:14)
  11 trolls
  3 meliai (D:13)
  A wolf spider simulacrum (D:13)
  4 polar bears (Lair:6)
  7 tyrant leeches
  11 hornets
  11 bog bodies
  12 blink frogs
  8 hippogriffs
  An ettin zombie (D:15)
  2 dream sheep (Lair:6)
  6 shadows
  2 centaur simulacra (D:13)
  18 spriggans
  3 wyverns
  6 wraiths
  49 yaks
  6 basilisks
  2 hungry ghosts
  17 swamp worms
  A harpy simulacrum (D:13)
  10 vampire mosquitoes
  A warg (Orc:1)
  2 acid dragons
  43 nagas
  A soldier ant (D:13)
  20 water moccasins
  A spectral hornet (D:13)
  20 orc warriors
  3 porcupines
  3 black bears
  7 swamp drakes
  Purgy (Sewer)
  4 ice beasts
  3 phantoms
  3 eyes of draining
  A sky beast (D:11)
  7 boggarts
  24 wolves
  24 ogres
  8 centaurs
  7 necrophages
  12 crocodiles
  4 big kobolds
  14 bullfrogs
  2 gnoll sergeants
  2 wyvern zombies
  5 scorpions
  2 wights (D:7)
  2 howler monkeys
  6 bullfrog zombies
  7 crimson imps
  5 quasits (D:6)
  8 hounds
  Crazy Yiuf (D:5)
  3 bullfrog skeletons
  2 gnoll shamans (D:4)
  10 orc priests
  23 orc wizards
  7 iguanas
  12 worker ants
  2 hell rats (Lair:1)
  A hound zombie (D:10)
  2 hound skeletons
  2 mummies
  2 worker ant zombies
  59 gnolls
  6 river rats (Lair:1)
  23 adders
  4 shadow imps
  An ooze (D:4)
  3 adder zombies
  An adder skeleton (D:4)
  4 worms
  8 leopard geckos
  82 orcs
  8 bats
  4 giant cockroaches
  8 goblins
  7 hobgoblins
  29 jackals
  25 kobolds
  4 quokkas
  5 ball pythons
  6 frilled lizards
  A leopard gecko skeleton (D:4)
  A leopard gecko zombie (D:5)
  3 quokka skeletons
  A quokka zombie (D:4)
  14 rats
  2 butterflies (Lair:5)
  3 fungi
  4 plants
  3 withered plants (D:15)
1209 creatures vanquished.

Vanquished Creatures (collateral kills)
  An ogre (Orc:2)
  A jelly (D:7)
  A ball python (Sewer)
  A frilled lizard (Sewer)
  A kobold (D:13)
  A rat (Lair:1)
  A butterfly (Lair:3)
7 creatures vanquished.

Vanquished Creatures (others)
  A slime creature (Swamp:3)
  A swamp worm (Swamp:2)
  An orc (Orc:1)
  4850 foxfires
  13 fungi
  9 plants
4875 creatures vanquished.

Grand Total: 6091 creatures vanquished

Notes
Turn   | Place    | Note
-------+----------+-------------------------------------------
     0 | D:1      | Essalna the Gargoyle Fire Elementalist began the quest for
                  | the Orb.
     0 | D:1      | Reached XP level 1. HP: 10/10 MP: 3/3
   379 | D:1      | Reached XP level 2. HP: 11/15 MP: 1/5
  1129 | D:2      | Reached XP level 3. HP: 19/19 MP: 2/6
  1514 | D:2      | Reached XP level 4. HP: 10/24 MP: 6/8
  1918 | D:2      | You fall into a shaft and drop 1 floor!
  2737 | D:3      | Learned a level 2 spell: Blink
  3061 | D:4      | Found Efa Fiegho's Distillery.
  3233 | D:4      | Reached XP level 5. HP: 26/28 MP: 0/9
  3617 | D:4      | Found a large runed translucent door.
  3617 | D:4      | Found a large runed translucent door.
  3696 | D:4      | Noticed an ogre
  3884 | D:4      | Reached XP level 6. HP: 32/32 MP: 6/11
  3929 | D:4      | Learned a level 4 spell: Sticky Flame
  3933 | D:4      | Learned a level 3 spell: Inner Flame
  3975 | D:5      | Entered Level 5 of the Dungeon
  4110 | D:5      | Found a hide-covered altar of Uskayaw.
  4164 | D:5      | Found a staircase to the Ecumenical Temple.
  4191 | Temple   | Entered the Ecumenical Temple
  4536 | D:5      | Found a glowing drain.
  4540 | Sewer    | Entered a sewer
  4685 | Sewer    | Noticed Purgy
  4694 | Sewer    | Killed Purgy
  4694 | Sewer    | Reached skill level 5 in Fire Magic
  4694 | Sewer    | Reached XP level 7. HP: 30/36 MP: 4/13
  5645 | D:5      | Found a burning altar of Makhleb.
  5645 | D:5      | Found a shimmering blue altar of Sif Muna.
  5645 | D:5      | Found an opulent altar of Gozag.
  5646 | D:5      | Found a bloodstained altar of Trog.
  5649 | D:5      | Found a radiant altar of Vehumet.
  5655 | D:5      | Became a worshipper of Vehumet
  5950 | D:5      | Found a runed translucent door.
  5951 | D:5      | Noticed Crazy Yiuf
  6034 | D:5      | Killed Crazy Yiuf
  6034 | D:5      | Reached skill level 1 in Fighting
  6169 | D:4      | Found a large runed translucent door.
  6169 | D:4      | Found a large runed translucent door.
  6265 | D:4      | Reached skill level 1 in Armour
  6546 | D:4      | Found Amnaa's General Store.
  6568 | D:4      | Found Vaepten's Weapon Shoppe.
  6577 | D:4      | Found Loesuw's Book Shop.
  6792 | D:4      | Reached skill level 5 in Conjurations
  7157 | D:4      | Reached XP level 8. HP: 44/44 MP: 8/14
  7200 | D:4      | Reached * piety under Vehumet
  7200 | D:4      | Offered knowledge of Freeze by Vehumet.
  7842 | D:4      | Offered knowledge of Shock by Vehumet.
  7847 | D:4      | Reached ** piety under Vehumet
  8024 | D:4      | Reached skill level 5 in Spellcasting
  8889 | D:6      | Found a transporter.
  8889 | D:6      | Noticed Safeword's ghost (novice GnFi)
  9050 | D:6      | Reached XP level 9. HP: 12/51 MP: 7/17
  9054 | D:6      | Offered knowledge of Dazzling Flash by Vehumet.
  9366 | D:6      | Found a transporter.
 10132 | D:6      | Killed Safeword's ghost
 10438 | D:7      | Reached *** piety under Vehumet
 10475 | D:8      | Found a transporter.
 10606 | D:8      | Found a transporter.
 10608 | D:8      | Noticed Necrophagist's ghost (novice OpWz)
 10651 | D:8      | Noticed Maggie
 10662 | D:8      | Killed Maggie
 10776 | D:8      | Offered knowledge of Fulminant Prism by Vehumet.
 10780 | D:8      | Noticed a cyclops
 10933 | D:7      | Reached XP level 10. HP: 30/58 MP: 14/19
 11026 | D:7      | Reached skill level 5 in Fighting
 11047 | D:7      | Reached skill level 5 in Armour
 11360 | D:7      | Reached **** piety under Vehumet
 11646 | D:7      | Found a blossoming altar of Fedhas.
 11738 | D:7      | Offered knowledge of Ignite Poison by Vehumet.
 11936 | D:8      | Killed a cyclops
 12147 | D:8      | Found a staircase to the Lair.
 12194 | D:8      | Reached skill level 5 in Dodging
 12723 | D:9      | Got a scorched flail
 12724 | D:9      | Identified the +6 flail of the Desert {venom, *Contam +Fly
                  | Str+3} (You found it on level 9 of the Dungeon)
 13041 | D:9      | Learned a level 5 spell: Bolt of Magma
 13205 | D:9      | Noticed a two-headed ogre
 13216 | D:9      | Killed a two-headed ogre
 13216 | D:9      | Reached XP level 11. HP: 55/66 MP: 10/21
 13433 | D:9      | Reached ***** piety under Vehumet
 13630 | D:9      | Noticed a two-headed ogre
 13642 | D:9      | Killed a two-headed ogre
 13810 | Lair:1   | Entered Level 1 of the Lair of Beasts
 13911 | Lair:1   | Gained mutation: You are frail. (-10% HP) [mutagenic glow]
 13966 | Lair:1   | Offered knowledge of Iskenderun's Battlesphere by Vehumet.
 14442 | Lair:1   | Got an encrusted ring mail
 14453 | Lair:1   | Identified the cursed +1 ring mail of Resourcefulness
                  | {rPois Str+2 Int+4} (You found it on level 1 of the Lair of
                  | Beasts)
 15211 | Lair:2   | Noticed a four-headed hydra
 15223 | Lair:2   | Killed a four-headed hydra
 15931 | Lair:2   | Found a staircase to the Swamp.
 16034 | Lair:2   | Noticed a catoblepas
 16044 | Lair:2   | Killed a catoblepas
 16410 | Lair:2   | Reached XP level 12. HP: 65/65 MP: 19/24
 17979 | Lair:3   | Found a staircase to the Snake Pit.
 18094 | Lair:3   | Reached skill level 10 in Conjurations
 18752 | Lair:4   | Reached skill level 1 in Shields
 19391 | Lair:4   | Noticed a seven-headed hydra
 19396 | Lair:4   | Killed a seven-headed hydra
 19512 | Lair:4   | Reached skill level 10 in Fire Magic
 20035 | Lair:5   | Reached XP level 13. HP: 59/72 MP: 19/26
 20558 | Lair:5   | Found a hazy altar of Hepliaklqana.
 21033 | Lair:6   | Entered Level 6 of the Lair of Beasts
 21174 | Lair:6   | Noticed Sonja
 21181 | Lair:6   | Killed Sonja
 21824 | Lair:6   | Reached skill level 10 in Fighting
 22246 | Lair:6   | Reached skill level 10 in Armour
 22262 | Lair:6   | Offered knowledge of Lightning Bolt by Vehumet.
 22524 | Lair:6   | Reached skill level 5 in Shields
 23173 | Lair:6   | Found a staircase to the Slime Pits.
 23662 | D:8      | Killed Necrophagist's ghost
 23775 | D:10     | Entered Level 10 of the Dungeon
 24334 | D:10     | Reached skill level 10 in Spellcasting
 24334 | D:10     | Gained mutation: Your large and strong wings let you fly
                  | indefinitely. [Gargoyle growth]
 24334 | D:10     | Reached XP level 14. HP: 75/79 MP: 14/28
 24448 | D:10     | Found a staircase to the Orcish Mines.
 25544 | D:11     | Noticed Erica
 25636 | D:11     | Killed Erica
 27105 | D:12     | Offered knowledge of Ozocubu's Refrigeration by Vehumet.
 27231 | D:13     | Reached skill level 1 in Earth Magic
 28721 | Orc:1    | Entered Level 1 of the Orcish Mines
 30213 | Orc:1    | Offered knowledge of Orb of Destruction by Vehumet.
 30222 | Orc:1    | Learned a level 7 spell: Orb of Destruction
 30242 | Orc:1    | Found a burning altar of Makhleb.
 30410 | Orc:1    | Found Tubeaniwe's Assorted Antiques.
 30418 | Orc:1    | Bought a fuming red potion for 18 gold pieces
 30418 | Orc:1    | Bought a twisted sapphire ring for 100 gold pieces
 30456 | Orc:2    | Entered Level 2 of the Orcish Mines
 30456 | Orc:2    | Found Soxif's Distillery.
 30456 | Orc:2    | Found Ygisim's Weapon Emporium.
 30456 | Orc:2    | Noticed a stone giant
 30463 | Orc:2    | Killed a stone giant
 30467 | Orc:2    | Reached XP level 15. HP: 45/85 MP: 4/29
 30659 | Orc:2    | Noticed Maurice
 30720 | Orc:2    | Killed Maurice
 30785 | Orc:2    | Found a staircase to the Elven Halls.
 31022 | Orc:1    | Paralysed by an ogre mage for 7 turns
 31325 | Orc:2    | Reached skill level 5 in Earth Magic
 31578 | Orc:2    | Noticed Donald
 31595 | Orc:2    | Killed Donald
 31919 | Orc:2    | Found Yrisuf's Antique Weapon Shop.
 31929 | Orc:2    | Found Otamiaq's Book Shoppe.
 32444 | D:13     | Found a runed translucent gate.
 32444 | D:13     | Found a runed translucent gate.
 32445 | D:13     | Found a runed translucent gate.
 32450 | D:13     | Noticed Goumeb's ghost (journeyman MiFi)
 32611 | D:13     | Offered knowledge of Irradiate by Vehumet.
 33155 | D:13     | Killed Goumeb's ghost
 33564 | D:14     | Found a gate to the Vaults.
 35278 | D:15     | Entered Level 15 of the Dungeon
 35284 | D:15     | Reached XP level 16. HP: 86/90 MP: 31/31
 35922 | D:15     | Found a staircase to the Depths.
 37966 | Swamp:1  | Entered Level 1 of the Swamp
 38436 | Lair:2   | Reached ****** piety under Vehumet
 38777 | Swamp:1  | Got an ichor-stained flail
 38778 | Swamp:1  | Identified the +5 flail of Glory {elec, rPois Str+3} (You
                  | found it on level 1 of the Swamp)
 39320 | Swamp:1  | Learned a level 6 spell: Iron Shot
 39373 | Swamp:1  | Got a faintly glowing pewter ring
 39375 | Swamp:1  | Identified the ring "Qusidd" {rElec rF++ rC+ MR+ Int-3}
                  | (You found it on level 1 of the Swamp)
 39517 | Swamp:1  | Offered knowledge of Conjure Ball Lightning by Vehumet.
 39754 | Swamp:1  | Noticed Josephine
 39761 | Swamp:1  | Killed Josephine
 39761 | Swamp:1  | Reached skill level 10 in Shields
 41395 | Swamp:3  | Noticed Nikola
 41408 | Swamp:3  | Killed Nikola
 41411 | Swamp:3  | Noticed Aizul
 41530 | Swamp:3  | Killed Aizul
 41530 | Swamp:3  | Reached XP level 17. HP: 52/97 MP: 7/33
 42633 | Swamp:4  | Entered Level 4 of the Swamp
 43088 | Swamp:4  | Offered knowledge of Lehudib's Crystal Spear by Vehumet.
 43228 | Swamp:3  | Learned a level 8 spell: Lehudib's Crystal Spear
 44978 | Swamp:4  | Got a decaying rune of Zot
 45662 | Snake:1  | Entered Level 1 of the Snake Pit
 45867 | Snake:1  | Reached skill level 10 in Earth Magic
 47148 | Snake:2  | Found Qarag's Jewellery Emporium.
 48139 | Snake:3  | Reached XP level 18. HP: 85/104 MP: 12/34
 49574 | Snake:4  | Entered Level 4 of the Snake Pit
 49609 | Snake:4  | Offered knowledge of Fire Storm by Vehumet.
 49609 | Snake:4  | Offered knowledge of Chain Lightning by Vehumet.
 49609 | Snake:4  | Offered knowledge of Absolute Zero by Vehumet.
 51475 | Snake:4  | HP: 3/104 [black mamba (12)]
 53208 | Snake:4  | Reached XP level 19. HP: 109/109 MP: 23/36
 53499 | Snake:4  | Learned a level 8 spell: Ignition
 53635 | Snake:4  | Found Qaluipnoama's Jewellery Emporium.
 54936 | Snake:4  | Got a serpentine rune of Zot
 55409 | Elf:1    | Entered Level 1 of the Elven Halls
 55601 | Elf:1    | Got a smoking glaive
 55602 | Elf:1    | Identified the +7 glaive of Xofog {vorpal, rElec rF+ rC+
                  | Dex-2} (You found it on level 1 of the Elven Halls)
 55780 | Elf:1    | Killed from afar by a deep elf annihilator

Illustrated notes

Levels and vault maps discovered:
D:1:      roderic_crop_circles_arrival_small, layout_basic
D:2:      layout_basic
D:3:      layout_loops_ring
D:4:      lemuel_castle_with_subvaults [lemuel_castle_interior_original],
          layout_loops_corners, serial_shops, shop, shop_fountains, shop,
          kennysheep_mini_moat, minmay_hollow_rounded_squares
D:5:      layout_basic, minitemple, lemuel_doored_altar,
          minmay_temple_entry_glassed_door, first_ration, gup_sewer_entry_bowl,
          kennysheep_generic_room_11, uniq_crazy_yiuf_cottage
D:6:      layout_layer_cave, gammafunk_ghost_stat_death
D:7:      layout_rooms, serial_undead, serial_undead_f, serial_undead_d,
          serial_undead_f, serial_undead_e, fedhas_altar_4
D:8:      layout_cave_pools, lair_entry_dummy, gammafunk_ghost_mausoleum,
          uniq_maggie
D:9:      layout_small_grid
D:10:     layout_roguey, orc_0_dummy
D:11:     layout_irregular_city, grunt_tengu_nest, feat_on_display, uniq_erica
D:12:     layout_roguey
D:13:     layout_long_grid, gammafunk_ghost_necromancy
D:14:     layout_roguey, erik_vaults_2, kennysheep_donut
D:15:     gammafunk_depths_entry_grave, layout_loops_corners,
          nicolae_twisting_strands
Temple:   nicolae_temple_elliptical
Lair:1:   layout_layer_cave, kennysheep_abandoned_house,
          infiniplex_staircase_pool
Lair:2:   layout_gridlike, swamp_mist, chequers_serial_rivers_micro_e,
          grunt_megastairs_2
Lair:3:   beast_lair_carwin_large_1, layout_regular_city,
          minmay_snake_entry_six_corridors, minmay_lair_oklob_chamber,
          lemuel_fruit_fields
Lair:4:   layout_long_grid, chequers_serial_rivers_micro_c,
          hangedman_lair_unloving_vines, minivault_24
Lair:5:   layout_regular_city, basic_altar, lemuel_fruit_fields
Lair:6:   minmay_lair_end_enchanted_forest, layout_regular_city, slime_dummy,
          uniq_sonja
Swamp:1:  layout_basic_swamp, serial_swamp_ruin, evilmike_swamp_ruin_rubble_2,
          evilmike_swamp_ruin_house_5, evilmike_swamp_ruin_rubble_1,
          uniq_josephine
Swamp:2:  layout_basic_swamp, nicolae_swamp_stair_fork
Swamp:3:  layout_falls_marsh, evilmike_swamp_ruin_house_2, swamp_pool5,
          uniq_aizul, uniq_nikola
Swamp:4:  swamp_vile, layout_basic_swamp
Snake:1:  layout_gridlike, nrook_guardian_serpent_ordinary
Snake:2:  layout_cave_town, serial_shops, shop, lemuel_fruit_tree
Snake:3:  layout_cave_pods
Snake:4:  grunt_snake_rune_serpentine_throne, layout_cave_town,
          minmay_shop_enchanted_jewellery, grunt_ministairs_3, minmay_snake_pond
Orc:1:    layout_diamond_mine, serial_shops, shop, bloody_makhleb
Orc:2:    st_orc_open, layout_caves, uniq_maurice, uniq_donald
Elf:1:    eino_elf_arrival_customs, layout_gridlike, minmay_elf_annihilation

Skill      XL: |  1  2  3  4  5  6  7  8  9 10 11 12 13 14 15 16 17 18 19 |
---------------+----------------------------------------------------------+-----
Conjurations   | 2 3 4 5 6 8 9 10 11 12 13 14 | 14.1
Spellcasting   | 3 4 5 6 7 8 9 10 11 12 13 | 13.4
Fire Magic     | 4 5 6 7 8 9 10 11 12 13 14 | 14.5
Fighting       | 1 3 4 6 8 9 10 11 12 13 14 | 14.8
Armour         | 1 3 4 6 8 9 10 11 12 13 14 | 14.0
Dodging        | 2 3 4 5 |  5.0
Shields        | 3 5 7 9 10 11 12 | 12.6
Earth Magic    | 4 6 9 10 11 12 | 12.1
Stealth        | |  2.1

Action                   |  1- 3 |  4- 6 |  7- 9 | 10-12 | 13-15 | 16-18 | 19-21 || total
-------------------------+-------+-------+-------+-------+-------+-------+-------++-------
Melee: Hand axe          |    42 |    67 |       |       |       |       |       ||   109
       Short sword       |       |    64 |    84 |       |       |       |       ||   148
       Trident           |       |       |   161 |   134 |   290 |    46 |       ||   631
       Flail             |       |       |       |    28 |       |   251 |    20 ||   299
       Staff             |       |       |       |       |       |       |     5 ||     5
 Cast: Foxfire           |    48 |   141 |   322 |   587 |  1119 |   744 |   121 ||  3082
       Sticky Flame      |       |     1 |     4 |    43 |    74 |   122 |    13 ||   257
       Blink             |       |     1 |     2 |    11 |     8 |     1 |       ||    23
       Inner Flame       |       |       |       |    16 |   108 |   267 |    49 ||   440
       Bolt of Magma     |       |       |       |     6 |    56 |   134 |    25 ||   221
       Orb of Destructio |       |       |       |       |     5 |    20 |     5 ||    30
       Iron Shot         |       |       |       |       |       |    18 |     5 ||    23
 Abil: Fly               |       |       |       |       |       |     1 |       ||     1
       Stop Flying       |       |       |       |       |       |     1 |       ||     1
Evoke: Wand              |       |       |     1 |       |       |       |       ||     1
  Use: Scroll            |       |     5 |    11 |     8 |     5 |    11 |     2 ||    42
       Potion            |       |       |    10 |       |     1 |     8 |       ||    19
 Stab: Sleeping          |     1 |     2 |       |     1 |       |       |       ||     4
  Eat: Chunk             |     2 |    11 |    17 |    26 |    44 |    27 |     4 ||   131
       Ration            |       |       |     1 |     1 |     3 |    16 |     2 ||    23
Armor: Robe              |    21 |    68 |   342 |       |       |       |       ||   431
       Steam dragon scal |       |       |    32 |    46 |       |       |       ||    78
       Ring mail         |       |       |       |    75 |   502 |   614 |    47 ||  1238
Dodge: Dodged            |    42 |   122 |   428 |   205 |   473 |   487 |    43 ||  1800
Block: Buckler           |       |       |       |       |   217 |   319 |    45 ||   581

Table legend:
 A = Non-vault XP
 B = Vault XP
 C = Vault XP percentage of total XP
 D = Non-vault monster count
 E = Vault monster count
 F = Vault count percentage of total count
                 A         B        C        D         E       F
            +---------+---------+-------+---------+---------+-------
      Total |  209820 |  140644 |  40.1 |     804 |     401 |  33.3
            +---------+---------+-------+---------+---------+-------
        D:1 |      30 |       0 |   0.0 |      17 |       0 |   0.0
        D:2 |      66 |       0 |   0.0 |      16 |       0 |   0.0
        D:3 |      59 |       0 |   0.0 |      22 |       0 |   0.0
        D:4 |     143 |    1058 |  88.1 |      11 |      73 |  86.9
        D:5 |     345 |     134 |  28.0 |      21 |       7 |  25.0
        D:6 |     481 |     848 |  63.8 |      22 |       6 |  21.4
        D:7 |     929 |     887 |  48.8 |      27 |      12 |  30.8
        D:8 |    2886 |    1277 |  30.7 |      28 |       5 |  15.2
        D:9 |    3358 |       0 |   0.0 |      34 |       0 |   0.0
       D:10 |    8887 |       0 |   0.0 |      49 |       0 |   0.0
       D:11 |    5519 |    1760 |  24.2 |      21 |       2 |   8.7
       D:12 |    4237 |     526 |  11.0 |      25 |       1 |   3.8
       D:13 |    7575 |    3122 |  29.2 |      36 |       9 |  20.0
       D:14 |   12447 |    7856 |  38.7 |      43 |       8 |  15.7
       D:15 |   12939 |    4451 |  25.6 |      26 |       8 |  23.5
     Lair:1 |    1624 |     255 |  13.6 |       7 |      14 |  66.7
     Lair:2 |    8267 |     592 |   6.7 |      24 |       2 |   7.7
     Lair:3 |    2318 |    3495 |  60.1 |      11 |      23 |  67.6
     Lair:4 |    6732 |       0 |   0.0 |      24 |       0 |   0.0
     Lair:5 |    4999 |     119 |   2.3 |      18 |       1 |   5.3
     Lair:6 |    3458 |    9079 |  72.4 |      14 |      48 |  77.4
    Swamp:1 |    8860 |    2168 |  19.7 |      24 |       6 |  20.0
    Swamp:2 |   11254 |       0 |   0.0 |      20 |       0 |   0.0
    Swamp:3 |   12472 |    6804 |  35.3 |      27 |       6 |  18.2
    Swamp:4 |   12484 |   18135 |  59.2 |      32 |      29 |  47.5
    Snake:1 |    7932 |     956 |  10.8 |      15 |       2 |  11.8
    Snake:2 |   10862 |       0 |   0.0 |      21 |       0 |   0.0
    Snake:3 |   23912 |    2262 |   8.6 |      46 |       4 |   8.0
    Snake:4 |   25009 |   48166 |  65.8 |      44 |      75 |  63.0
      Orc:1 |    4574 |    1134 |  19.9 |      53 |       2 |   3.6
      Orc:2 |    2509 |   17983 |  87.8 |      23 |      37 |  61.7
      Elf:1 |    2653 |    7440 |  73.7 |       3 |      13 |  81.2
      Sewer |       0 |     137 | 100.0 |       0 |       8 | 100.0
            +---------+---------+-------+---------+---------+-------
